 Dungeon Crawl Stone Soup version 0.29.1-15-g9cfb28693d (console) character file.

Game seed: 15463825467249573118

97 Goreval the Changer (level 4, -5/32 HPs)
             Began as a Merfolk Transmuter on Feb 28, 2023.
             Killed from afar by Natasha (11 damage)
             ... with a magic dart
             ... on level 3 of the Dungeon.
             The game lasted 00:08:02 (3969 turns).

Goreval the Changer (Merfolk Transmuter)            Turns: 3969, Time: 00:08:03

Health: -5/32      AC:  3    Str: 10    XL:     4   Next: 68%
Magic:  6/7        EV: 12    Int: 14    God:
Gold:   157        SH:  0    Dex: 14    Spells: 1/7 levels left

rFire   . . .      SeeInvis .     - Unarmed
rCold   . . .      Faith    .   (no shield)
rNeg    . . .      Spirit   .   p - +0 leather armour
rPois   .          Reflect  .   (helmet currently unavailable)
rElec   .          Harm     .   (no cloak)
rCorr   .          Rampage  .   (no gloves)
Will    .....                   (boots currently unavailable)
Stlth   +.........              (no amulet)
HPRegen 0.10/turn               m - ring of flight
MPRegen 0.10/turn               (no ring)

@: appendages, flying, slowed, very slow
A: horns 2, (nimble swimmer 2), mertail
a: End Transformation


You were on level 3 of the Dungeon.
You had temporarily grown beastly horns.
You visited 1 branch of the dungeon, and saw 3 of its levels.

You collected 157 gold pieces.

Inventory:

Missiles
 a - 3 boomerangs
 f - 6 atropa-tipped darts
 k - 15 stones
 s - 4 poisoned darts
Armour
 j - a +2 pair of boots (melded)
 p - a +0 leather armour (worn)
Jewellery
 m - a ring of flight (left hand)
Wands
 n - a wand of paralysis (6)
 r - a wand of mindburst (12)
Scrolls
 c - a scroll of fog {unknown}
 e - a scroll of magic mapping {unknown}
 h - 2 scrolls of blinking {unknown}
 i - 4 scrolls of identify
 l - a scroll of teleportation {unknown}
 o - a scroll of amnesia {unknown}
 q - a scroll of vulnerability {unknown}
Potions
 b - a potion of lignification
 d - 2 potions of flight
 g - a potion of curing


   Skills:
 - Level 1.6 Fighting
 - Level 3.0 Dodging
 + Level 4.3 Unarmed Combat
 - Level 2.0 Spellcasting
 * Level 4.9 Transmutations


You had one spell level left.
You knew the following spells:

 Your Spells              Type           Power      Damage    Failure   Level
a - Beastly Appendage     Tmut           30%        N/A       4%          1
b - Wereblood             Tmut           15%        N/A       6%          2
c - Spider Form           Tmut/Pois      8%         N/A       34%         3

Your spell library contained the following spells:

 Spells                   Type           Power      Damage    Failure   Level
 Gell's Gravitas          Tloc           1%         N/A       67%         3
 Lesser Beckoning         Tloc           1%         N/A       67%         3
 Teleport Other           Tloc           1%         N/A       67%         3
 Ice Form                 Ice/Tmut       8%         N/A       75%         4


Dungeon Overview and Level Annotations

Branches:
Dungeon (3/15) Zot: 14043

Altars:
Ashenzari

Annotations:
D:3 Natasha


Innate Abilities, Weirdness & Mutations

You have temporarily grown beastly horns.
((You are very nimble when in or above water. (Stealth+, EV+, Speed+++)))
Your lower body shifts to a powerful aquatic tail in water.


Message History

Found a scroll labelled XUN HUZXOEPOM.
Your transformation is almost over.
You see here a scroll labelled XUN HUZXOEPOM.
Natasha casts a spell.
Natasha casts a spell at you. The magic dart hits you!
The shadow imp grins evilly.
Natasha stares at you and mumbles some strange words.
The magic dart hits you!
* * * LOW HITPOINT WARNING * * *
You feel less batty.
Your +2 pair of boots unmelds from your body.
Your +0 leather armour unmelds from your body.
Your ring of flight unmelds from your body.
You fly up into the air.
The shadow imp shouts, "Flee, thou erky clapper-clawed joithead!"
The white imp picks up a beetle and eats it.
Okay, then.
Okay, then.
Sorry, you're not good enough to have a special ability.
You grow a pair of large bovine horns.
Your +2 pair of boots melds into your body.
Okay, then.
Okay, then.
Attack: -) Nothing wielded
Okay, then.
Aim: Natasha, carrying a wand of polymorph (3) (lightly wounded, chance to affect: 49%) Natasha resists with some effort.
Natasha stares at you and mumbles some strange words.
You feel as though you will be slow longer.
Here: Natasha, carrying a wand of polymorph (3)
The floor.
Okay, then.
Here: Natasha, carrying a wand of polymorph (3)
The floor.
Aim: Natasha, carrying a wand of polymorph (3) (chance to affect: 49%) Natasha resists with some effort.
Natasha barely misses you.
Natasha stares at you and mumbles some strange words.
The magic dart hits you!
You die...

####### #.....# ##.....# .......#
##..<..# ##.....# ##.....# #.#
##.....# #.# .. ####.### #.# .#
.....# #.# .# ###### #.# .# # #.#
#.#### # # #.# .....#.# #
#.###.##.#.# # #..........# # ..
######.......#### #...
#............#.. ....#
#5####.......#.# #.### ##### #5#
#.....###.# ..# #...# #.# #.#.......#
. ## #...# #h# #.#..#....# #.#
#...###### #?# #.@..#.#.## #
#........# #.#######h#.#.#
#####.#####.# #.55.h...5#.#.#######
..# #...<.# #.# ###########.#........
#.# #.###### #.# #......#:..#######
... #.# #.##...####.# #.###.##.#....#
.#.# #.# #.##.#......# #.#
#.......#.# .#.####.# #.##.########
#.######....#.# ...#...###.##<.....#
#...#.....###.# #..#.#...#.#######.#
#.######.#.##......#
#..#.....#....#....# .........#.
##.##### #..#...#.#.##.#.####
...>....##. #.#
####..#.###)####.#.##############.##.
#.# ........# #)#
#.#..........>...#.##. #.# #########
#.####.###########.#....##. #.#
#......# #.#.#####J #.# ########
#.....# #.# ####### ..#


You could see Natasha.

Vanquished Creatures
  2 gnolls (D:2)
  2 adders
  A dart slug (D:1)
  5 orcs (D:3)
  8 endoplasms
  A giant cockroach (D:1)
  4 goblins
  2 jackals (D:1)
  2 kobolds
  4 quokkas (D:2)
  5 ball pythons
  6 bats
  5 frilled lizards
  6 rats
53 creatures vanquished.

Vanquished Creatures (others)
  29 plants (D:2)
29 creatures vanquished.

Grand Total: 82 creatures vanquished

Notes
Turn   | Place    | Note
-------+----------+-------------------------------------------
     0 | D:1      | Goreval the Merfolk Transmuter began the quest for the Orb.
     0 | D:1      | Reached XP level 1. HP: 15/15 MP: 3/3
   289 | D:1      | Reached XP level 2. HP: 18/21 MP: 3/5
   293 | D:1      | Learned a level 2 spell: Wereblood
   947 | D:1      | Reached XP level 3. HP: 20/26 MP: 4/6
  1274 | D:1      | Found a faded altar of an unknown god.
  1512 | D:1      | Learned a level 3 spell: Spider Form
  1775 | D:2      | Found a broken altar of Ashenzari.
  1794 | D:2      | Reached XP level 4. HP: 8/32 MP: 4/7
  3933 | D:3      | Noticed Natasha
  3969 | D:3      | Killed from afar by Natasha

Illustrated notes

Levels and vault maps discovered:
D:1:      minmay_arrival_stair_chambers, layout_loops_ring,
          hellmonk_ecumenical_altar_heavens_door, minmay_misc_feat_chi
D:2:      wad_woods_stonehenge, layout_loops_corners
D:3:      layout_basic, mainiacjoe_overflow_tiny_flanked,
          nicolae_qazlal_general_emergency, ebering_ghost_sewer_d, minivault_23,
          uniq_natasha

Skill      XL: |  1  2  3 |
---------------+----------+-----
Transmutations | 3 4 |  4.9
Dodging        | 3 |  3.0
Unarmed Combat | 4 |  4.3
Fighting       | |  1.6
Spellcasting   | |  2.0

Action                   |  1- 3 |  4- 6 || total
-------------------------+-------+-------++-------
Melee: Unarmed           |    81 |    77 ||   158
       Headbutt          |    13 |     6 ||    19
       Punch             |     1 |       ||     1
 Cast: Beastly Appendage |    19 |    13 ||    32
       Wereblood         |     1 |     1 ||     2
Evoke: Wand              |       |     2 ||     2
  Use: Scroll            |       |     2 ||     2
Armor: Robe              |    10 |     5 ||    15
       Leather armour    |       |     8 ||     8
Dodge: Dodged            |    63 |    32 ||    95
